Predators vs Devils

Created - May 2 2007 at 18:07

Goals
1 2 3 T
Predators 1 0 1 2
Devils 1 1 1 3
Shots
1 2 3 T
Predators 9 4 9 22
Devils 17 11 13 41

Period #1

1. Predators , Yanic Perreault 3 (Scott Hartnell, Kimmo Timonen) at 7:33
2. Devils , Miroslav Satan 6 (Patrik Elias, Richard Matvichuk) at 17:40

Penalities :
Todd Bertuzzi (NSH) for Diving (Minor) at 0:48, Richard Matvichuk (NJD) for Elbowing (Minor) at 2:30, Shea Weber (NSH) for Slashing (Minor) at 10:48, Zbynek Michalek (NSH) for Tripping (Minor) at 13:02

Period #2

3. Devils , Patrik Elias 8 (David Hale, Chris Chelios) at 4:37 (PP)

Penalities :
Jason Arnott (NSH) for Hooking (Minor) at 0:11, Tomas Kaberle (NSH) for Slashing (Minor) at 2:40, Chris Chelios (NJD) for Delaying the game (Minor) at 5:26

Period #3

4. Predators , Mike Grier 3 (Marek Zidlicky) at 13:24
5. Devils , Juraj Kolnik 2 (Chris Chelios) at 16:47

Penalities :
Todd Bertuzzi (NSH) for Interference (Minor) at 2:01, Jamie Langenbrunner (NJD) for Delaying the game (Minor) at 4:29, Derek Morris (NSH) for Checking from behind (Major) at 4:29, Richard Matvichuk (NJD) for Elbowing (Minor) at 10:02, Shea Weber (NSH) for High sticking (Minor) at 13:50

Goalie Stats

Tomas Vokoun (NSH), 38 saves from 41 shots - (0.927), L, 7-5-2, 59:01 minutes
Martin Brodeur (NJD), 20 saves from 22 shots - (0.909), W, 14-2-2, 60:00 minutes

Players Stats

Predators
Player Name              G  A  P  +/- PIM S  H  SB FO MP 
-----------------------------------------------------------
Brad Boyes               0  0  0  -1  0   0  0  0  1  15 
David Legwand            0  0  0  -1  0   0  0  0  11 11 
Derek Morris             0  0  0  -1  5   1  1  1  0  20 
Jason Arnott             0  0  0  -1  2   2  0  0  19 16 
Keith Primeau            0  0  0   1  0   0  1  0  14 13 
Kimmo Timonen            0  1  1   1  0   2  0  3  0  17 
Marek Zidlicky           0  1  1   0  0   0  3  2  0  25 
Martin Erat              0  0  0   1  0   1  1  0  1  14 
Mike Grier               1  0  1   1  0   1  0  0  0  14 
Oleg Saprykin            0  0  0   1  0   0  0  0  0  7  
Paul Kariya              0  0  0  -1  0   2  0  0  4  18 
Scott Hartnell           0  1  1   1  0   2  1  1  2  15 
Shea Weber               0  0  0  -1  4   1  1  2  0  20 
Steve Sullivan           0  0  0  -1  0   3  0  0  2  17 
Todd Bertuzzi            0  0  0  -1  4   2  0  0  20 18 
Tomas Kaberle            0  0  0   0  2   0  2  2  0  22 
Yanic Perreault          1  0  1   1  0   3  0  0  18 15 
Zbynek Michalek          0  0  0   1  2   2  1  0  0  21 
Devils
Player Name              G  A  P  +/- PIM S  H  SB FO MP 
-----------------------------------------------------------
Brian Gionta             0  0  0  -1  0   5  0  0  8  23 
Brian Rafalski           0  0  0  -1  0   4  0  1  0  23 
Chris Campoli            0  0  0   0  0   0  1  0  0  16 
Chris Chelios            0  2  2   1  2   2  1  1  0  23 
David Hale               0  1  1  -1  0   0  2  0  0  17 
Jamie Langenbrunner      0  0  0   0  2   2  0  0  1  14 
Jay Pandolfo             0  0  0   0  0   0  0  0  0  6  
John Madden              0  0  0   0  0   1  0  0  0  14 
Juraj Kolnik             1  0  1   0  0   4  1  0  1  6  
Mike Comrie              0  0  0  -1  0   3  0  0  27 21 
Mike Ribeiro             0  0  0  -1  0   0  0  0  2  20 
Miroslav Satan           1  0  1   1  0   6  0  0  1  20 
Patrik Elias             1  1  2   1  0   7  0  0  9  20 
Paul Martin              0  0  0   0  0   1  0  0  0  24 
Richard Matvichuk        0  1  1   1  4   0  3  3  0  22 
Scott Gomez              0  0  0   1  0   0  1  0  20 21 
Sergei Brylin            0  0  0   0  0   2  0  0  19 13 
Zach Parise              0  0  0   0  0   4  0  0  4  6  

3 Stars

1 - Patrik Elias (NJD)
2 - Chris Chelios (NJD)
3 - Richard Matvichuk (NJD)

Power Play

Predators - 0 on 3 Attempt(s) - 0.00%
Devils - 1 on 7 Attempt(s) - 14.29%

Penalty Kill

Predators - 6 on 7 Attempt(s) - 85.71% - Score 0 goal in Penalty Kill
Devils - 3 on 3 Attempt(s) - 100.00% - Score 0 goal in Penalty Kill

Game Notes

No Game Note

Finance

Level 1 -- Attendance: 6500 (100.00%) -- Ticket Income $650,000.00
Level 2 -- Attendance: 5540 (100.00%) -- Ticket Income $332,400.00
Level 3 -- Attendance: 2000 (100.00%) -- Ticket Income $70,000.00
Level 4 -- Attendance: 4000 (100.00%) -- Ticket Income $80,000.00
Luxury Box -- Attendance: 1000 (100.00%) -- Ticket Income $200,000.00
Game was played at the Continental Airlines Arena
Total Attendance: 19040 (100.00%)
Total Ticket Income: $1,415,194.00
Other Income: $424,558.20
Total Income: $1,839,752.00


Play by Play

Period #1

0:01 of 1st period - Paul Kariya wins face-off versus Scott Gomez in neutral zone.
0:27 of 1st period - Paul Kariya is hit by Richard Matvichuk and loses puck.
0:48 of 1st period - Minor Penalty to Todd Bertuzzi for Diving.
0:49 of 1st period - Mike Comrie wins face-off versus David Legwand in neutral zone.
1:01 of 1st period - Mike Ribeiro is hit by Zbynek Michalek and loses puck.
1:16 of 1st period - Off-side.
1:17 of 1st period - Mike Comrie wins face-off versus Keith Primeau in neutral zone.
2:24 of 1st period - Shot by Patrik Elias.
2:24 of 1st period - Deflect By Miroslav Satan.
2:24 of 1st period - Shot Misses the Net.
2:25 of 1st period - Shot by Patrik Elias.
2:25 of 1st period - Stopped by Tomas Vokoun with a rebound.
2:26 of 1st period - Shot by Chris Chelios.
2:26 of 1st period - Shot Misses the Net.
2:30 of 1st period - Minor Penalty to Richard Matvichuk for Elbowing.
2:31 of 1st period - Jason Arnott wins face-off versus Brian Gionta in Predators zone.
2:46 of 1st period - Shot by Brian Gionta.
2:46 of 1st period - Shot Misses the Net.
2:47 of 1st period - Shot by Brian Rafalski.
2:47 of 1st period - Stopped by Tomas Vokoun with a rebound.
2:50 of 1st period - Shot by Patrik Elias.
2:50 of 1st period - Shot Misses the Net.
3:15 of 1st period - Shot by Todd Bertuzzi.
3:15 of 1st period - Stopped by Martin Brodeur without a rebound.
3:16 of 1st period - Brian Gionta wins face-off versus David Legwand in Devils zone.
5:09 of 1st period - Shot by Yanic Perreault.
5:09 of 1st period - Stopped by Martin Brodeur without a rebound.
5:10 of 1st period - Mike Comrie wins face-off versus Keith Primeau in Devils zone.
5:12 of 1st period - Brian Gionta is hit by Marek Zidlicky and loses puck.
5:57 of 1st period - Miroslav Satan is hit by Marek Zidlicky and loses puck.
6:05 of 1st period - Shot by Miroslav Satan.
6:05 of 1st period - Stopped by Tomas Vokoun with a rebound.
6:24 of 1st period - Shot by Miroslav Satan.
6:24 of 1st period - Stopped by Tomas Vokoun without a rebound.
6:25 of 1st period - Sergei Brylin wins face-off versus Brad Boyes in Predators zone.
7:28 of 1st period - Shot by Brian Gionta.
7:28 of 1st period - Shot Misses the Net.
7:33 of 1st period - Shot by Scott Hartnell.
7:33 of 1st period - Deflect By Yanic Perreault.
7:33 of 1st period - Goal by Yanic Perreault - Predators : 1 - Devils : 0.
7:34 of 1st period - Yanic Perreault wins face-off versus Zach Parise in neutral zone.
7:45 of 1st period - Shot by Juraj Kolnik.
7:45 of 1st period - Shot Blocked by Kimmo Timonen.
7:46 of 1st period - Shot by Chris Chelios.
7:46 of 1st period - Stopped by Tomas Vokoun with a rebound.
7:51 of 1st period - Shot by Zach Parise.
7:51 of 1st period - Stopped by Tomas Vokoun without a rebound.
7:52 of 1st period - David Legwand wins face-off versus Scott Gomez in Predators zone.
7:57 of 1st period - Shot by Todd Bertuzzi.
7:57 of 1st period - Shot Blocked by Richard Matvichuk.
7:58 of 1st period - Shot by Zbynek Michalek.
7:58 of 1st period - Shot Misses the Net.
8:06 of 1st period - Icing by Patrik Elias.
8:07 of 1st period - Scott Gomez wins face-off versus Yanic Perreault in Devils zone.
8:20 of 1st period - Shot by Scott Hartnell.
8:20 of 1st period - Stopped by Martin Brodeur without a rebound.
8:21 of 1st period - Mike Comrie wins face-off versus Steve Sullivan in Devils zone.
8:30 of 1st period - Shot by David Legwand.
8:30 of 1st period - Shot Misses the Net.
8:33 of 1st period - Shot by Todd Bertuzzi.
8:33 of 1st period - Stopped by Martin Brodeur without a rebound.
8:34 of 1st period - Jason Arnott wins face-off versus Sergei Brylin in Devils zone.
8:35 of 1st period - Shot by Paul Kariya.
8:35 of 1st period - Stopped by Martin Brodeur without a rebound.
8:36 of 1st period - Sergei Brylin wins face-off versus Jason Arnott in Devils zone.
8:57 of 1st period - Shot by Jason Arnott.
8:57 of 1st period - Stopped by Martin Brodeur without a rebound.
8:58 of 1st period - Yanic Perreault wins face-off versus Mike Comrie in Devils zone.
9:19 of 1st period - Shot by Mike Comrie.
9:19 of 1st period - Stopped by Tomas Vokoun with a rebound.
10:04 of 1st period - Shot by Paul Martin.
10:04 of 1st period - Stopped by Tomas Vokoun without a rebound.
10:05 of 1st period - Keith Primeau wins face-off versus Scott Gomez in Predators zone.
10:05 of 1st period - Oleg Saprykin is hit by Chris Chelios and loses puck.
10:23 of 1st period - Shot by Keith Primeau.
10:23 of 1st period - Shot Blocked by Richard Matvichuk.
10:28 of 1st period - Shot by Marek Zidlicky.
10:28 of 1st period - Shot Misses the Net.
10:48 of 1st period - Minor Penalty to Shea Weber for Slashing.
10:49 of 1st period - Mike Comrie wins face-off versus Todd Bertuzzi in Devils zone.
11:04 of 1st period - Shot by Mike Comrie.
11:04 of 1st period - Shot Misses the Net.
11:05 of 1st period - Shot by Brian Rafalski.
11:05 of 1st period - Stopped by Tomas Vokoun without a rebound.
11:06 of 1st period - Mike Comrie wins face-off versus Paul Kariya in Predators zone.
11:33 of 1st period - Shot by Brian Gionta.
11:33 of 1st period - Shot Misses the Net.
12:00 of 1st period - Shot by Patrik Elias.
12:00 of 1st period - Stopped by Tomas Vokoun without a rebound.
12:01 of 1st period - Keith Primeau wins face-off versus Scott Gomez in Predators zone.
12:16 of 1st period - Shot by Patrik Elias.
12:16 of 1st period - Stopped by Tomas Vokoun without a rebound.
12:17 of 1st period - Todd Bertuzzi wins face-off versus Mike Comrie in Predators zone.
12:23 of 1st period - Icing by Mike Comrie.
12:24 of 1st period - Todd Bertuzzi wins face-off versus Mike Comrie in Devils zone.
12:57 of 1st period - Shot by Juraj Kolnik.
12:57 of 1st period - Stopped by Tomas Vokoun without a rebound.
12:58 of 1st period - Sergei Brylin wins face-off versus Yanic Perreault in Predators zone.
13:02 of 1st period - Minor Penalty to Zbynek Michalek for Tripping.
13:03 of 1st period - Todd Bertuzzi wins face-off versus Scott Gomez in Predators zone.
13:16 of 1st period - Shot by Scott Gomez.
13:16 of 1st period - Shot Misses the Net.
13:24 of 1st period - Icing by Richard Matvichuk.
13:25 of 1st period - Keith Primeau wins face-off versus Scott Gomez in Devils zone.
13:55 of 1st period - Icing by Paul Martin.
13:56 of 1st period - Steve Sullivan wins face-off versus Mike Comrie in Devils zone.
15:06 of 1st period - Off-side.
15:07 of 1st period - Sergei Brylin wins face-off versus Martin Erat in neutral zone.
15:14 of 1st period - Shot by Yanic Perreault.
15:14 of 1st period - Stopped by Martin Brodeur without a rebound.
15:15 of 1st period - Sergei Brylin wins face-off versus Yanic Perreault in Devils zone.
15:32 of 1st period - Shot by John Madden.
15:32 of 1st period - Stopped by Tomas Vokoun with a rebound.
15:35 of 1st period - Shot by Sergei Brylin.
15:35 of 1st period - Stopped by Tomas Vokoun without a rebound.
15:36 of 1st period - Jason Arnott wins face-off versus Mike Comrie in Predators zone.
16:33 of 1st period - Shot by Jamie Langenbrunner.
16:33 of 1st period - Shot Misses the Net.
16:34 of 1st period - Shot by Sergei Brylin.
16:34 of 1st period - Shot Blocked by Derek Morris.
17:00 of 1st period - Icing by Derek Morris.
17:01 of 1st period - Scott Gomez wins face-off versus Jason Arnott in Predators zone.
17:40 of 1st period - Shot by Miroslav Satan.
17:40 of 1st period - Goal by Miroslav Satan - Predators : 1 - Devils : 1.
17:41 of 1st period - David Legwand wins face-off versus Mike Comrie in neutral zone.
18:25 of 1st period - Off-side.
18:26 of 1st period - Sergei Brylin wins face-off versus Yanic Perreault in neutral zone.
18:31 of 1st period - Shot by Jamie Langenbrunner.
18:31 of 1st period - Shot Misses the Net.
18:33 of 1st period - Icing by Zbynek Michalek.
18:34 of 1st period - Zach Parise wins face-off versus Yanic Perreault in Predators zone.
18:45 of 1st period - Shot by Zach Parise.
18:45 of 1st period - Stopped by Tomas Vokoun without a rebound.
18:46 of 1st period - Sergei Brylin wins face-off versus Keith Primeau in Predators zone.
18:59 of 1st period - Shot by Sergei Brylin.
18:59 of 1st period - Stopped by Tomas Vokoun without a rebound.
19:00 of 1st period - Scott Hartnell wins face-off versus Scott Gomez in Predators zone.
19:06 of 1st period - Kimmo Timonen is hit by Scott Gomez and loses puck.
19:16 of 1st period - Shot by Kimmo Timonen.
19:16 of 1st period - Stopped by Martin Brodeur without a rebound.
19:17 of 1st period - Sergei Brylin wins face-off versus Keith Primeau in Devils zone.
19:57 of 1st period - John Madden is hit by Marek Zidlicky and loses puck.

Period #2

0:01 of 2nd period - Patrik Elias wins face-off versus Jason Arnott in neutral zone.
0:06 of 2nd period - Shot by Patrik Elias.
0:06 of 2nd period - Deflect By Miroslav Satan.
0:06 of 2nd period - Stopped by Tomas Vokoun without a rebound.
0:07 of 2nd period - Mike Ribeiro wins face-off versus David Legwand in Predators zone.
0:10 of 2nd period - Shot by Brian Gionta.
0:10 of 2nd period - Deflect By Mike Comrie.
0:10 of 2nd period - Stopped by Tomas Vokoun without a rebound.
0:11 of 2nd period - Miroslav Satan wins face-off versus Jason Arnott in Predators zone.
0:11 of 2nd period - Minor Penalty to Jason Arnott for Hooking.
0:12 of 2nd period - Scott Gomez wins face-off versus Keith Primeau in Predators zone.
0:25 of 2nd period - Shot by Patrik Elias.
0:25 of 2nd period - Deflect By Miroslav Satan.
0:25 of 2nd period - Stopped by Tomas Vokoun with a rebound.
0:46 of 2nd period - Shot by Patrik Elias.
0:46 of 2nd period - Shot Hit the Post.
0:51 of 2nd period - Shot by Patrik Elias.
0:51 of 2nd period - Stopped by Tomas Vokoun without a rebound.
0:52 of 2nd period - Todd Bertuzzi wins face-off versus Mike Comrie in Predators zone.
0:58 of 2nd period - Icing by Brian Rafalski.
0:59 of 2nd period - Mike Comrie wins face-off versus Todd Bertuzzi in Devils zone.
1:11 of 2nd period - Icing by Paul Martin.
1:12 of 2nd period - Mike Comrie wins face-off versus Todd Bertuzzi in Devils zone.
2:27 of 2nd period - Shot by Martin Erat.
2:27 of 2nd period - Stopped by Martin Brodeur without a rebound.
2:28 of 2nd period - Sergei Brylin wins face-off versus Jason Arnott in Devils zone.
2:35 of 2nd period - Shot by Jamie Langenbrunner.
2:35 of 2nd period - Stopped by Tomas Vokoun without a rebound.
2:36 of 2nd period - Todd Bertuzzi wins face-off versus Scott Gomez in Predators zone.
2:40 of 2nd period - Minor Penalty to Tomas Kaberle for Slashing.
2:41 of 2nd period - Scott Gomez wins face-off versus Todd Bertuzzi in Devils zone.
4:28 of 2nd period - Shot by Patrik Elias.
4:28 of 2nd period - Shot Misses the Net.
4:33 of 2nd period - Shot by Patrik Elias.
4:33 of 2nd period - Shot Misses the Net.
4:34 of 2nd period - Shot by Chris Chelios.
4:34 of 2nd period - Shot Misses the Net.
4:37 of 2nd period - Shot by Patrik Elias.
4:37 of 2nd period - Goal by Patrik Elias - Predators : 1 - Devils : 2.
4:38 of 2nd period - Sergei Brylin wins face-off versus Yanic Perreault in neutral zone.
5:26 of 2nd period - Minor Penalty to Chris Chelios for Delaying the game.
5:27 of 2nd period - Paul Kariya wins face-off versus Patrik Elias in Devils zone.
6:29 of 2nd period - Off-side.
6:30 of 2nd period - Brian Gionta wins face-off versus David Legwand in neutral zone.
7:38 of 2nd period - Zach Parise is hit by Martin Erat and loses puck.
7:58 of 2nd period - Shot by Zach Parise.
7:58 of 2nd period - Stopped by Tomas Vokoun without a rebound.
7:59 of 2nd period - Keith Primeau wins face-off versus Sergei Brylin in Predators zone.
8:33 of 2nd period - Icing by Jamie Langenbrunner.
8:34 of 2nd period - Jason Arnott wins face-off versus Jamie Langenbrunner in Devils zone.
9:27 of 2nd period - Shot by Kimmo Timonen.
9:27 of 2nd period - Stopped by Martin Brodeur without a rebound.
9:28 of 2nd period - David Legwand wins face-off versus Scott Gomez in Devils zone.
9:34 of 2nd period - Off-side.
9:35 of 2nd period - Yanic Perreault wins face-off versus Mike Comrie in neutral zone.
9:51 of 2nd period - Martin Erat is hit by David Hale and loses puck.
10:28 of 2nd period - David Legwand is hit by Richard Matvichuk and loses puck.
10:54 of 2nd period - Shot by Patrik Elias.
10:54 of 2nd period - Shot Blocked by Tomas Kaberle.
10:56 of 2nd period - Icing by Marek Zidlicky.
10:57 of 2nd period - Juraj Kolnik wins face-off versus David Legwand in Predators zone.
11:56 of 2nd period - Shot by Brian Rafalski.
11:56 of 2nd period - Stopped by Tomas Vokoun with a rebound.
12:01 of 2nd period - Shot by Brian Gionta.
12:01 of 2nd period - Shot Misses the Net.
12:26 of 2nd period - Shot by Mike Comrie.
12:26 of 2nd period - Deflect By Brian Gionta.
12:26 of 2nd period - Stopped by Tomas Vokoun without a rebound.
12:27 of 2nd period - Yanic Perreault wins face-off versus Sergei Brylin in Predators zone.
13:03 of 2nd period - Icing by Kimmo Timonen.
13:04 of 2nd period - Mike Comrie wins face-off versus Yanic Perreault in Predators zone.
14:55 of 2nd period - Shot by Jason Arnott.
14:55 of 2nd period - Shot Misses the Net.
14:57 of 2nd period - Icing by Paul Martin.
14:58 of 2nd period - Sergei Brylin wins face-off versus Yanic Perreault in Devils zone.
15:13 of 2nd period - Shot by Scott Hartnell.
15:13 of 2nd period - Stopped by Martin Brodeur without a rebound.
15:14 of 2nd period - Mike Comrie wins face-off versus Yanic Perreault in Devils zone.
16:20 of 2nd period - Icing by Shea Weber.
16:21 of 2nd period - Jason Arnott wins face-off versus Sergei Brylin in Predators zone.
17:34 of 2nd period - Shot by Yanic Perreault.
17:34 of 2nd period - Shot Misses the Net.
17:37 of 2nd period - Shot by Yanic Perreault.
17:37 of 2nd period - Shot Misses the Net.
17:42 of 2nd period - Shot by Scott Hartnell.
17:42 of 2nd period - Shot Misses the Net.
17:43 of 2nd period - Shot by Zbynek Michalek.
17:43 of 2nd period - Stopped by Martin Brodeur without a rebound.
17:44 of 2nd period - Mike Comrie wins face-off versus Jason Arnott in Devils zone.
17:48 of 2nd period - Off-side.
17:49 of 2nd period - Mike Comrie wins face-off versus Scott Hartnell in neutral zone.
18:03 of 2nd period - Mike Comrie is hit by Scott Hartnell and loses puck.
18:58 of 2nd period - Off-side.
18:59 of 2nd period - Keith Primeau wins face-off versus Scott Gomez in neutral zone.
19:09 of 2nd period - Icing by Richard Matvichuk.
19:10 of 2nd period - Scott Gomez wins face-off versus David Legwand in Devils zone.
19:17 of 2nd period - Shot by Miroslav Satan.
19:17 of 2nd period - Shot Blocked by Marek Zidlicky.
19:22 of 2nd period - Shot by Scott Gomez.
19:22 of 2nd period - Shot Blocked by Marek Zidlicky.
19:25 of 2nd period - Shot by Miroslav Satan.
19:25 of 2nd period - Deflect By Patrik Elias.
19:25 of 2nd period - Stopped by Tomas Vokoun with a rebound.
19:26 of 2nd period - Shot by Chris Chelios.
19:26 of 2nd period - Stopped by Tomas Vokoun without a rebound.
19:27 of 2nd period - Jason Arnott wins face-off versus Sergei Brylin in Predators zone.
19:35 of 2nd period - Paul Martin is hit by Derek Morris and loses puck.

Period #3

0:01 of 3rd period - Scott Gomez wins face-off versus Jason Arnott in neutral zone.
1:04 of 3rd period - Shot by David Legwand.
1:04 of 3rd period - Deflect By Steve Sullivan.
1:04 of 3rd period - Stopped by Martin Brodeur with a rebound.
1:17 of 3rd period - Shot by Todd Bertuzzi.
1:17 of 3rd period - Shot Blocked by Richard Matvichuk.
2:01 of 3rd period - Minor Penalty to Todd Bertuzzi for Interference.
2:02 of 3rd period - Keith Primeau wins face-off versus Mike Comrie in Predators zone.
2:29 of 3rd period - Shot by Mike Comrie.
2:29 of 3rd period - Stopped by Tomas Vokoun with a rebound.
2:44 of 3rd period - Shot by Jamie Langenbrunner.
2:44 of 3rd period - Stopped by Tomas Vokoun without a rebound.
2:45 of 3rd period - Paul Kariya wins face-off versus Scott Gomez in Predators zone.
3:32 of 3rd period - Shot by Brian Gionta.
3:32 of 3rd period - Stopped by Tomas Vokoun without a rebound.
3:33 of 3rd period - David Legwand wins face-off versus Mike Comrie in Predators zone.
4:07 of 3rd period - Zach Parise is hit by Tomas Kaberle and loses puck.
4:15 of 3rd period - Shot by Juraj Kolnik.
4:15 of 3rd period - Stopped by Tomas Vokoun with a rebound.
4:16 of 3rd period - Shot by Richard Matvichuk.
4:16 of 3rd period - Shot Blocked by Tomas Kaberle.
4:17 of 3rd period - Shot by Zach Parise.
4:17 of 3rd period - Shot Hit the Post.
4:18 of 3rd period - Shot by David Hale.
4:18 of 3rd period - Shot Misses the Net.
4:21 of 3rd period - Shot by Juraj Kolnik.
4:21 of 3rd period - Shot Blocked by Kimmo Timonen.
4:22 of 3rd period - Shot by David Hale.
4:22 of 3rd period - Shot Misses the Net.
4:23 of 3rd period - Shot by Zach Parise.
4:23 of 3rd period - Shot Blocked by Scott Hartnell.
4:26 of 3rd period - Shot by Juraj Kolnik.
4:26 of 3rd period - Stopped by Tomas Vokoun without a rebound.
4:27 of 3rd period - Jason Arnott wins face-off versus Sergei Brylin in Predators zone.
4:29 of 3rd period - Minor Penalty to Jamie Langenbrunner for Delaying the game.
4:29 of 3rd period - Major Penalty to Derek Morris for Checking from behind.
4:30 of 3rd period - Patrik Elias wins face-off versus Todd Bertuzzi in neutral zone.
4:41 of 3rd period - Shot by Patrik Elias.
4:41 of 3rd period - Shot Blocked by Kimmo Timonen.
4:43 of 3rd period - Icing by Kimmo Timonen.
4:44 of 3rd period - Brian Gionta wins face-off versus Todd Bertuzzi in Predators zone.
5:01 of 3rd period - Shot by Brian Gionta.
5:01 of 3rd period - Stopped by Tomas Vokoun without a rebound.
5:02 of 3rd period - Yanic Perreault wins face-off versus Patrik Elias in Predators zone.
5:04 of 3rd period - Icing by Shea Weber.
5:05 of 3rd period - Patrik Elias wins face-off versus Yanic Perreault in Predators zone.
5:40 of 3rd period - Shot by Paul Kariya.
5:40 of 3rd period - Deflect By Yanic Perreault.
5:40 of 3rd period - Shot Misses the Net.
5:41 of 3rd period - Shot by Paul Kariya.
5:41 of 3rd period - Shot Blocked by Chris Chelios.
5:42 of 3rd period - Shot by Shea Weber.
5:42 of 3rd period - Stopped by Martin Brodeur without a rebound.
5:43 of 3rd period - Brian Gionta wins face-off versus Todd Bertuzzi in Devils zone.
5:50 of 3rd period - Shot by Miroslav Satan.
5:50 of 3rd period - Shot Misses the Net.
5:51 of 3rd period - Shot by Brian Rafalski.
5:51 of 3rd period - Stopped by Tomas Vokoun without a rebound.
5:52 of 3rd period - Brian Gionta wins face-off versus Todd Bertuzzi in Predators zone.
5:53 of 3rd period - Shot by Miroslav Satan.
5:53 of 3rd period - Stopped by Tomas Vokoun without a rebound.
5:54 of 3rd period - Todd Bertuzzi wins face-off versus Brian Gionta in Predators zone.
6:15 of 3rd period - Shot by Brian Gionta.
6:15 of 3rd period - Stopped by Tomas Vokoun without a rebound.
6:16 of 3rd period - Yanic Perreault wins face-off versus Patrik Elias in Predators zone.
7:08 of 3rd period - Icing by Richard Matvichuk.
7:09 of 3rd period - Keith Primeau wins face-off versus Patrik Elias in Devils zone.
7:49 of 3rd period - Off-side.
7:50 of 3rd period - Mike Comrie wins face-off versus Todd Bertuzzi in neutral zone.
7:57 of 3rd period - Shot by Brian Gionta.
7:57 of 3rd period - Stopped by Tomas Vokoun without a rebound.
7:58 of 3rd period - Todd Bertuzzi wins face-off versus Scott Gomez in Predators zone.
8:32 of 3rd period - Off-side.
8:33 of 3rd period - Todd Bertuzzi wins face-off versus Mike Comrie in neutral zone.
8:38 of 3rd period - Shot by Steve Sullivan.
8:38 of 3rd period - Shot Misses the Net.
8:43 of 3rd period - Shot by Steve Sullivan.
8:43 of 3rd period - Shot Misses the Net.
8:44 of 3rd period - Shot by Zbynek Michalek.
8:44 of 3rd period - Stopped by Martin Brodeur without a rebound.
8:45 of 3rd period - Keith Primeau wins face-off versus Mike Comrie in Devils zone.
8:53 of 3rd period - Off-side.
8:54 of 3rd period - Mike Comrie wins face-off versus Todd Bertuzzi in neutral zone.
9:11 of 3rd period - Shot by Mike Comrie.
9:11 of 3rd period - Deflect By Brian Gionta.
9:11 of 3rd period - Shot Blocked by Shea Weber.
9:37 of 3rd period - Martin Erat is hit by Juraj Kolnik and loses puck.
9:47 of 3rd period - Shot by Scott Hartnell.
9:47 of 3rd period - Shot Misses the Net.
10:01 of 3rd period - Scott Hartnell is hit by Richard Matvichuk and loses puck.
10:02 of 3rd period - Minor Penalty to Richard Matvichuk for Elbowing.
10:03 of 3rd period - Patrik Elias wins face-off versus Jason Arnott in Devils zone.
10:17 of 3rd period - Paul Kariya is hit by David Hale and loses puck.
10:21 of 3rd period - Shot by Todd Bertuzzi.
10:21 of 3rd period - Shot Misses the Net.
10:24 of 3rd period - Shot by Jason Arnott.
10:24 of 3rd period - Stopped by Martin Brodeur without a rebound.
10:25 of 3rd period - David Legwand wins face-off versus Patrik Elias in Devils zone.
10:28 of 3rd period - Shot by Steve Sullivan.
10:28 of 3rd period - Deflect By Brad Boyes.
10:28 of 3rd period - Shot Hit the Post.
10:33 of 3rd period - Shot by Brad Boyes.
10:33 of 3rd period - Shot Misses the Net.
10:36 of 3rd period - Shot by Steve Sullivan.
10:36 of 3rd period - Shot Misses the Net.
10:39 of 3rd period - Shot by Marek Zidlicky.
10:39 of 3rd period - Deflect By Steve Sullivan.
10:39 of 3rd period - Shot Misses the Net.
10:40 of 3rd period - Shot by David Legwand.
10:40 of 3rd period - Shot Misses the Net.
10:43 of 3rd period - Shot by Steve Sullivan.
10:43 of 3rd period - Stopped by Martin Brodeur without a rebound.
10:44 of 3rd period - Brian Gionta wins face-off versus Jason Arnott in Devils zone.
10:44 of 3rd period - Miroslav Satan is hit by Tomas Kaberle and loses puck.
11:50 of 3rd period - Shot by Brad Boyes.
11:50 of 3rd period - Shot Misses the Net.
11:53 of 3rd period - Shot by Steve Sullivan.
11:53 of 3rd period - Shot Blocked by Brian Rafalski.
11:54 of 3rd period - Shot by Marek Zidlicky.
11:54 of 3rd period - Shot Misses the Net.
11:57 of 3rd period - Shot by Steve Sullivan.
11:57 of 3rd period - Shot Misses the Net.
12:02 of 3rd period - Shot by Steve Sullivan.
12:02 of 3rd period - Stopped by Martin Brodeur without a rebound.
12:03 of 3rd period - Zach Parise wins face-off versus Yanic Perreault in Devils zone.
12:14 of 3rd period - Shot by Juraj Kolnik.
12:14 of 3rd period - Shot Misses the Net.
12:16 of 3rd period - Icing by Zbynek Michalek.
12:17 of 3rd period - Yanic Perreault wins face-off versus Sergei Brylin in Predators zone.
12:36 of 3rd period - Shot by Jamie Langenbrunner.
12:36 of 3rd period - Shot Blocked by Shea Weber.
13:19 of 3rd period - Shot by Juraj Kolnik.
13:19 of 3rd period - Deflect By Zach Parise.
13:19 of 3rd period - Stopped by Tomas Vokoun with a rebound.
13:24 of 3rd period - Shot by Mike Grier.
13:24 of 3rd period - Goal by Mike Grier - Predators : 2 - Devils : 2.
13:25 of 3rd period - Jason Arnott wins face-off versus Mike Comrie in neutral zone.
13:27 of 3rd period - Off-side.
13:28 of 3rd period - Mike Ribeiro wins face-off versus Jason Arnott in neutral zone.
13:50 of 3rd period - Minor Penalty to Shea Weber for High sticking.
13:51 of 3rd period - Scott Gomez wins face-off versus Todd Bertuzzi in neutral zone.
16:29 of 3rd period - Martin Erat is hit by Chris Campoli and loses puck.
16:47 of 3rd period - Shot by Juraj Kolnik.
16:47 of 3rd period - Goal by Juraj Kolnik - Predators : 2 - Devils : 3.
16:48 of 3rd period - Scott Gomez wins face-off versus Jason Arnott in neutral zone.
17:07 of 3rd period - Shot by Patrik Elias.
17:07 of 3rd period - Stopped by Tomas Vokoun without a rebound.
17:08 of 3rd period - Zach Parise wins face-off versus Keith Primeau in Predators zone.
17:22 of 3rd period - Zach Parise is hit by Keith Primeau and loses puck.
18:43 of 3rd period - Brian Rafalski is hit by Shea Weber and loses puck.
19:01 of 3rd period - Predators, Tomas Vokoun is pulled from the net.
19:05 of 3rd period - Shot by Paul Kariya.
19:05 of 3rd period - Stopped by Martin Brodeur with a rebound.
19:06 of 3rd period - Shot by Shea Weber.
19:06 of 3rd period - Shot Misses the Net.
19:07 of 3rd period - Shot by Derek Morris.
19:07 of 3rd period - Stopped by Martin Brodeur without a rebound.
19:08 of 3rd period - Sergei Brylin wins face-off versus Todd Bertuzzi in Devils zone.


Output by the SimonT Hockey Simulator (STHS) for Stephane Roy -- Original Page W3C XHTML 1.0 Valid